 Dungeon Crawl Stone Soup version 0.30-a0-389-g8d7d949f56 (webtiles) character file.

Game seed: 6604162594649194170

808 Lobster4 the Chiller (level 7, -3/52 HPs)
             Began as a Merfolk Ice Elementalist on Dec 3, 2022.
             Slain by a yak (14 damage)
             ... on level 5 of the Dungeon.
             The game lasted 00:16:47 (6449 turns).

Lobster4 the Chiller (Merfolk Ice Elementalist)     Turns: 6449, Time: 00:16:48

Health: -3/52      AC:  4    Str:  9    XL:     7   Next: 92%
Magic:  8/12       EV: 16    Int: 16    God:
Gold:   233        SH:  0    Dex: 14    Spells: 6/13 levels left

rFire   . . .      SeeInvis .    s - +2 glaive (vamp)
rCold   . . .      Faith    .    (shield currently unavailable)
rNeg    . . .      Spirit   .    l - +1 leather armour {rPois}
rPois   +          Reflect  .    (no helmet)
rElec   .          Harm     .    (no cloak)
rCorr   +          Rampage  .    (no gloves)
Will    .....                    (no boots)
Stlth   ++........               (no amulet)
HPRegen 0.28/turn                f - +4 ring of evasion
MPRegen 0.13/turn                o - ring of resist corrosion

@: about to teleport, freezing walls
A: (nimble swimmer 2), mertail
a: no special abilities


You were on level 5 of the Dungeon.
You visited 1 branch of the dungeon, and saw 6 of its levels.

You collected 233 gold pieces.

Inventory:

Hand Weapons
 a - a +0 sling
 b - a +1 vampiric dagger
 h - a +0 mace
 j - a +1 falchion of protection
 r - a +4 vorpal flail
 s - a +2 vampiric glaive (weapon)
 y - a +0 spear
 B - a +0 shortbow
 C - a +0 dagger of venom
Missiles
 g - 44 stones (quivered)
Armour
 l - a +1 leather armour of poison resistance (worn)
Jewellery
 f - a +4 ring of evasion (left hand)
 o - a ring of resist corrosion (right hand)
 q - a +4 ring of protection
Wands
 k - a wand of charming (12)
Scrolls
 c - 2 scrolls of teleportation
 e - a scroll of fear
 n - a scroll of torment {unknown}
 v - a scroll of immolation {unknown}
 w - a scroll of magic mapping {unknown}
 x - a scroll of vulnerability {unknown}
Potions
 d - a potion of magic
 i - 3 potions of mutation {unknown}
 m - a potion of heal wounds
 p - 3 potions of haste
 u - 2 potions of lignification {unknown}
 z - a potion of brilliance


   Skills:
 + Level 3.1 Fighting
 - Level 1.0(1.1) Short Blades
 - Level 0.6(1.0) Long Blades
 - Level 2.0 Polearms
 - Level 1.0 Throwing
 + Level 2.2 Armour
 - Level 3.0 Dodging
 - Level 4.0 Stealth
 + Level 3.6 Spellcasting
 * Level 7.0 Ice Magic


You had 6 spell levels left.
You knew the following spells:

 Your Spells              Type           Power      Damage    Failure   Level
a - Freeze                Ice            100%       1d10      1%          1
b - Frozen Ramparts       Ice            50%        1d8       4%          3
c - Ozocubu's Armour      Ice            25%        N/A       4%          3

Your spell library contained the following spells:

 Spells                   Type           Power      Damage    Failure   Level
 Apportation              Tloc           4%         N/A       24%         1
 Kiss of Death            Conj/Necr      8%         2d6       24%         1
 Necrotise                Necr           8%         1d4       24%         1
 Summon Small Mammal      Summ           8%         N/A       24%         1
 Summon Ice Beast         Ice/Summ       14%        N/A       50%         4
 Confusing Touch          Hex            2%         N/A       58%         3
 Ignite Poison            Fire/Tmut/Pois 2%         N/A       58%         3
 Dispel Undead            Necr           2%         3d7       94%         4
 Sticky Flame             Conj/Fire      2%         2d3       94%         4
 Ignition                 Fire           1%         3d3       100%        8


Dungeon Overview and Level Annotations

Branches:
Dungeon (6/15)             Temple (0/1) D:6

Altars:
Dithmenos
Nemelex Xobeh
Trog
Zin

Shops:
D:3 (   D:5 (


Innate Abilities, Weirdness & Mutations

((You are very nimble when in or above water. (Stealth+, EV+, Speed+++)))
Your lower body shifts to a powerful aquatic tail in water.


Message History

The gnoll shouts! x3; You hear a shout!
You hear an angry hiss.
You hear a shout!
The orc shouts!
The hound barks!
You hear an angry growl.
You climb upwards.
There is a stone staircase leading down here.
There is a stone staircase leading down here.
Things that are here:
a +0 scale mail; a +0 whip You climb downwards.
The yak bellows! x4
Found 4 poisoned darts.
There is a stone staircase leading up here.
The yak closely misses you. The yak gores you! The yak completely misses you.
You climb upwards.
There is a stone staircase leading down here.
Things that are here:
a +0 scale mail; a +0 whip
Okay, then.
Casting: Freeze (safe; 1% risk of failure)
Confirm with . or Enter, or press ? or * to list all spells.
Casting: Frozen Ramparts (dangerous; 4% risk of failure)
Press: ? - help, Dir - look around, f - activate A stone staircase leading down.
The walls around you are covered in ice.
The wall freezes the yak!
The yak gores you!
The wall freezes the yak.
The yak gores you!
The wall freezes the yak!
The yak barely misses you.
As you read the scroll of teleportation, it crumbles to dust.
You feel strangely unstable.
The wall freezes the yak.
The yak misses you.
The wall freezes the yak.
The yak closely misses you.
The wall freezes the yak.
The yak barely misses you.
Casting: Frozen Ramparts (dangerous; 4% risk of failure)
Confirm with . or Enter, or press ? or * to list all spells.
Aiming: Freeze (safe; 1% risk of failure)
Press: ? - help, Shift-Dir - straight line, f - yak
Aim: a yak (moderately wounded)
You freeze the yak!
The yak is heavily wounded.
The wall freezes the yak.
The yak gores you!
* * * LOW HITPOINT WARNING * * *
The wall freezes the yak.
The yak gores you!
You die...

##############.# #####
#######............#.####.!!.
#.................)#.........
#.................)...#......
#.................)#.##......
#....................##......
#......##.###.###...###......
#......##.##Y[.[..### #######
#.......#..Y@[#####
###.##..####.Y# #.....#
#..##### #####.# #......#
#...# ##.....# #.###
###.....# #.# #.....[.#
#######.# #.#.....#########
#>....### ##.....#...#.....#


You could see 3 yaks.

Vanquished Creatures
  An ogre (D:4)
  A centaur (D:5)
  Blork the orc (D:5)
  2 scorpions (D:5)
  A necrophage (D:5)
  2 jellies (D:5)
  An orc priest (D:5)
  A hound (D:5)
  A gnoll bouda (D:5)
  An iguana (D:5)
  2 orc wizards (D:5)
  7 gnolls
  3 adders (D:5)
  A worm (D:4)
  2 dart slugs (D:4)
  13 orcs
  6 bats
  7 endoplasms
  A giant cockroach (D:3)
  4 goblins
  4 hobgoblins
  4 quokkas
  3 ball pythons
  2 frilled lizards (D:3)
  4 kobolds
  4 rats
79 creatures vanquished.

Vanquished Creatures (others)
  7 plants (D:5)
7 creatures vanquished.

Grand Total: 86 creatures vanquished

Notes
Turn   | Place    | Note
-------+----------+-------------------------------------------
     0 | D:1      | Lobster4 the Merfolk Ice Elementalist began the quest for
                  | the Orb.
     0 | D:1      | Reached XP level 1. HP: 13/13 MP: 3/3
   234 | D:1      | Reached XP level 2. HP: 8/19 MP: 0/5
  1689 | D:3      | Reached XP level 3. HP: 25/25 MP: 6/6
  1823 | D:3      | Found Todd's Weapon Shoppe.
  2264 | D:3      | Learned a level 3 spell: Frozen Ramparts
  2402 | D:3      | Reached XP level 4. HP: 26/31 MP: 3/7
  2725 | D:3      | Reached skill level 5 in Ice Magic
  2727 | D:3      | Reached skill level 1 in Short Blades
  3040 | D:4      | Reached skill level 1 in Fighting
  3245 | D:4      | Reached skill level 1 in Throwing
  3271 | D:4      | Noticed an ogre
  3276 | D:4      | Killed an ogre
  3277 | D:4      | Reached skill level 1 in Armour
  3277 | D:4      | Reached XP level 5. HP: 37/37 MP: 1/8
  3690 | D:5      | Entered Level 5 of the Dungeon
  3759 | D:5      | Reached XP level 6. HP: 24/44 MP: 1/10
  4917 | D:5      | Noticed Blork the orc
  4948 | D:5      | Learned a level 3 spell: Ozocubu's Armour
  5189 | D:5      | Killed Blork the orc
  5190 | D:5      | Reached skill level 6 in Ice Magic
  5419 | D:5      | Reached XP level 7. HP: 40/51 MP: 3/11
  5429 | D:5      | Reached skill level 1 in Polearms
  5671 | D:5      | Found Leoxzang's Antique Weapon Shop.
  6313 | D:5      | Reached skill level 7 in Ice Magic
  6324 | D:5      | Found a bloodstained altar of Trog.
  6324 | D:5      | Found a glowing silver altar of Zin.
  6332 | D:5      | Found a faded altar of an unknown god.
  6334 | D:5      | Found a shadowy altar of Dithmenos.
  6336 | D:5      | Found a sparkling altar of Nemelex Xobeh.
  6420 | D:6      | Found a staircase to the Ecumenical Temple.
  6444 | D:6      | Noticed a yak
  6444 | D:6      | Noticed a yak
  6444 | D:6      | Noticed a yak
  6444 | D:6      | Noticed a yak
  6444 | D:6      | Noticed a yak
  6449 | D:5      | Slain by a yak

Illustrated notes

Levels and vault maps discovered:
D:1:      evilmike_arrival_hilbert_curve, layout_basic
D:2:      layout_basic
D:3:      layout_basic, serial_shops, shop_fountains, nicolae_titane
D:4:      layout_loops_ring
D:5:      layout_basic, chequers_temple_overflow_minitemple, serial_shops,
          nicolae_shop_overgrown_old_shop, minmay_crossroads, uniq_blork_the_orc
D:6:      layout_rooms, marbit_many_paths, minmay_temple_entry_glass

Skill      XL: |  1  2  3  4  5  6  7 |
---------------+----------------------+-----
Dodging        | 3 |  3.0
Ice Magic      | 5 6 7 |  7.0
Short Blades   | 1 |  1.0
Fighting       | 1 2 3 |  3.1
Throwing       | 1 |  1.0
Armour         | 1 2 |  2.2
Stealth        | 3 4 |  4.0
Spellcasting   | 3 |  3.6
Polearms       | 2 |  2.0
Long Blades    | |  0.6

Action                   |  1- 3 |  4- 6 |  7- 9 || total
-------------------------+-------+-------+-------++-------
Melee: Mace              |     9 |       |       ||     9
       Dagger            |    62 |    36 |       ||    98
       Punch             |     1 |       |       ||     1
       Glaive            |       |     3 |    44 ||    47
       Flail             |       |     2 |       ||     2
Throw: Stone             |     3 |     8 |     2 ||    13
 Cast: Freeze            |    27 |    36 |    11 ||    74
       Frozen Ramparts   |       |     8 |     8 ||    16
       Ozocubu's Armour  |       |     2 |     1 ||     3
  Use: Scroll            |     1 |     6 |     4 ||    11
 Stab: Sleeping          |     4 |     2 |       ||     6
       Distracted        |     1 |       |       ||     1
Armor: Robe              |    13 |     1 |       ||    14
       Leather armour    |       |     5 |    19 ||    24
Dodge: Dodged            |    74 |    42 |    65 ||   181

Table legend: (Time is in decaauts)
 A = Elapsed time spent in this place.
 B = Non-inter-level travel time spent in this place.
 C = Inter-level travel time spent in this place.
 D = Time resting spent in this place.
 E = Time spent auto-exploring this place.
 F = Levels seen in this place.
 G = Mean time per level.
                   A        B        C        D        E       F      G
               +--------+--------+--------+--------+--------+-----+--------+
         Total |   6479 |   6178 |    301 |    509 |   4677 |   6 | 1079.8 |
       Dungeon |   6479 |   6178 |    301 |    509 |   4677 |   6 | 1079.8 |
               +--------+--------+--------+--------+--------+-----+--------+

Top non-repeatable levels by time:
     D:3: 2352 daAuts
     D:5: 1796 daAuts
     D:1: 1026 daAuts
     D:4: 764 daAuts
     D:2: 537 daAuts
     D:6: 3 daAuts
